 Dungeon Crawl Stone Soup version 0.28.0-45-g0d030f2227 (webtiles) character file.

Game seed: 1710308183750582856

67 zeratav the Insei (level 4, -6/29 HPs)
             Began as an Octopode Transmuter on Apr 13, 2022.
             Mangled by a scorpion (7 damage)
             ... on level 3 of the Dungeon.
             The game lasted 00:02:14 (2261 turns).

zeratav the Insei (Octopode Transmuter)             Turns: 2261, Time: 00:02:14

Health: -6/29      AC:  1    Str:  9    XL:     4   Next: 16%
Magic:  7/7        EV: 13    Int: 15    God:
Gold:   65         SH:  0    Dex: 14    Spells: 6/7 levels left

rFire   . . .      SeeInvis .     - Unarmed
rCold   . . .      Faith    .   (no shield)
rNeg    . . .      Spirit   .   (helmet restricted)
rPois   .          Reflect  .   (no amulet)
rElec   .          Harm     .   (no ring)
rCorr   .          Rampage  .   (no ring)
Will    .....                   (no ring)
Stlth   +++.......              (no ring)
HPRegen 0.09/turn               (no ring)
MPRegen 0.10/turn               (no ring)
                                (no ring)
                                (no ring)

@: brilliant, lethally poisoned (-6 -> -10)
A: almost no armour, amphibious, 8 rings, camouflage 1, gelatinous body 1,
(nimble swimmer 1), tentacles
a: no special abilities


You were on level 3 of the Dungeon.
You visited 1 branch of the dungeon, and saw 3 of its levels.

You collected 65 gold pieces.


Innate Abilities, Weirdness & Mutations

You cannot wear most types of armour.
You are amphibious.
You can wear up to eight rings at the same time.
Your skin changes colour to match your surroundings (Stealth+).
Your rubbery body absorbs attacks. (AC +1, EV +1)
((You are camouflaged when in or above water. (Stealth+)))
You have tentacles for arms and can constrict up to eight enemies at once.


   Skills:
 + Level 1.8 Fighting
 + Level 2.5 Dodging
 + Level 2.1 Stealth
 * Level 3.9 Unarmed Combat
 - Level 2.0 Spellcasting
 - Level 2.0 Transmutations


You had 6 spell levels left.
You knew the following spells:

 Your Spells              Type           Power      Damage    Failure   Level
a - Beastly Appendage     Tmut           22%        N/A       10%         1

Your spell library contained the following spells:

 Spells                   Type           Power      Damage    Failure   Level
 Wereblood                Tmut           11%        N/A       14%         2
 Corpse Rot               Necr/Air       4%         N/A       32%         2
 Poisonous Vapours        Pois/Air       4%         N/A       32%         2
 Spider Form              Tmut/Pois      6%         N/A       41%         3
 Ice Form                 Ice/Tmut       6%         N/A       82%         4

Inventory:

Jewellery
 c - an amulet of the acrobat
   (You found it on level 1 of the Dungeon)
Scrolls
 b - a scroll of enchant weapon {unknown}
 d - a scroll of blinking {unknown}
 e - a scroll of holy word {unknown}
 g - a scroll of identify {unknown}
Potions
 a - 2 potions of brilliance
 f - a potion of lignification {unknown}
 h - 3 potions of curing {unknown}
 i - 2 potions of degeneration {unknown}
 j - a potion of attraction {unknown}

Dungeon Overview and Level Annotations

Branches:
Dungeon (3/15)

Altars:

#...........######
#.#.###.)........#
#.#...#†....######
. #.###.........##
.. #.#
##......#..## ...
#.# ##....(....###
.... #.#
#.....##....##...##
.r
####.####.........#
#.# ##@..##...
#.....s.#..#
###...####.# #...
... #..# #.# ...#
... ### ##.


You could see a scorpion.


Message History

You have reached level 4!
HP[+5]
You now have 29 max hp (+5).
Your hp is fully restored (29).
You tentacle-slap the adder. Your grab misses the adder.
Your tentacle spike misses the adder.
The adder closely misses you.
MP[+1]
You tentacle-slap the adder. Your grab misses the adder.
You squeeze the adder, but do no damage.
The adder barely misses you.
You tentacle-slap the adder. You grab the adder.
You pierce the adder.
You kill the adder!
No target in view!
No target in view!
No target in view!
No target in view!
No target in view!
No target in view!
No target in view!
No target in view!
Your tentacle spike disappears.
Things that are here:
a +0 club {mace}; a goblin corpse; MP[+1]
Your mp is fully restored (7).
j - a smoky pink potion A frilled lizard comes into view.
One of your tentacles grows a vicious spike.
MP[-1]
You lost 1 mp, and now have 6/7 mp.
The frilled lizard hisses angrily.
A scorpion comes into view.
Your transformation is almost over.
You tentacle-slap the frilled lizard.
You kill the frilled lizard!
You tentacle-slap the scorpion but do no damage.
Your grab misses the scorpion.
You pierce the scorpion, but do no damage.
The scorpion stings you.
HP[-4]
You take 4 damage, and now have 25/29 hp.
You barely miss the scorpion. Your grab misses the scorpion.
The scorpion stings you.
You are poisoned.
The scorpion poisons you!
HP[-2]
You take 2 damage, and now have 23/29 hp.
You closely miss the scorpion. Your grab misses the scorpion.
You feel very sick. The scorpion stings you!
* * * LOW HITPOINT WARNING * * *
You are too injured to fight recklessly!
HP[-10] MP[+1]
You take 10 damage, and now have 13/29 hp.
MASSIVE DAMAGE!! (PAUSE)
Your mp is fully restored (7).
You are too injured to fight recklessly!
You are too injured to fight recklessly!
You are too injured to fight recklessly!
You are too injured to fight recklessly!
You are too injured to fight recklessly!
You are too injured to fight recklessly!
You are too injured to fight recklessly!
You are too injured to fight recklessly!
You are too injured to fight recklessly!
You are too injured to fight recklessly!
You are too injured to fight recklessly!
You tentacle-slap the scorpion but do no damage.
Your grab misses the scorpion.
* * * LOW HITPOINT WARNING * * *
You feel very sick. The scorpion closely misses you.
HP[-3]
You take 3 damage, and now have 10/29 hp.
You barely miss the scorpion. You grab the scorpion.
You pierce the scorpion, but do no damage.
You squeeze the scorpion! You constrict the scorpion.
* * * LOW HITPOINT WARNING * * *
You feel sick. The scorpion stings you.
* * * LOW HITPOINT WARNING * * *
The scorpion closely misses you.
HP[-5]
You take 5 damage, and now have 5/29 hp.
You tentacle-slap the scorpion.
You constrict the scorpion, but do no damage.
* * * LOW HITPOINT WARNING * * *
You feel sick. The scorpion barely misses you.
HP[-1]
You take 1 damage, and now have 4/29 hp.
You tentacle-slap the scorpion.
Your tentacle spike disappears.
You constrict the scorpion, but do no damage.
* * * LOW HITPOINT WARNING * * *
You feel sick. The scorpion barely misses you.
HP[-2]
You take 2 damage, and now have 2/29 hp.
It was a potion of brilliance.
You feel clever all of a sudden.
You constrict the scorpion.
* * * LOW HITPOINT WARNING * * *
You feel sick. The scorpion stings you!
You die...

Skill      XL: |  1  2  3 |
---------------+----------+-----
Stealth        | 1 2 |  2.1
Fighting       | |  1.8
Dodging        | |  2.5
Unarmed Combat | |  3.9
Spellcasting   | |  2.0
Transmutations | |  2.0

Action                   |  1- 3 |  4- 6 || total
-------------------------+-------+-------++-------
Melee: Unarmed           |    81 |    11 ||    92
       Tentacles         |    15 |     2 ||    17
       Constrict         |    23 |     2 ||    25
       Kick              |    19 |     3 ||    22
       Punch             |     1 |       ||     1
 Cast: Beastly Appendage |    32 |     1 ||    33
  Use: Potion            |       |     1 ||     1
 Stab: Sleeping          |     8 |       ||     8
Armor: Skin              |     7 |       ||     7
Dodge: Dodged            |    38 |     6 ||    44

Levels and vault maps discovered:
D:1:      mainiacjoe_arrival_reflecting_pool, layout_basic,
          dreamdust_ecumenical_altar_drowned_temple, st_stairs_6,
          minmay_octomino_j4
D:2:      layout_rooms
D:3:      layout_rooms, nicolae_vehumet_radiance, minmay_stone_trees_small,
          minmay_misc_feat_x, uniq_natasha

Notes
Turn   | Place    | Note
-------+----------+-------------------------------------------
     0 | D:1      | zeratav the Octopode Transmuter began the quest for the
                  | Orb.
     0 | D:1      | Reached XP level 1. HP: 13/13 MP: 3/3
     0 | D:1      | magus.rc [v1.9.6]
   524 | D:1      | Reached XP level 2. HP: 18/18 MP: 3/5
   580 | D:1      | Found a faded altar of an unknown god.
   604 | D:1      | Reached skill level 1 in Stealth
  1274 | D:1      | You pick up a book of Vapours and begin reading...
  1274 | D:1      | You add the spells Poisonous Vapours and Corpse Rot to your
                  | library.
  1593 | D:2      | Reached XP level 3. HP: 20/23 MP: 4/6
  2222 | D:3      | Reached skill level 2 in Stealth
  2222 | D:3      | Reached XP level 4. HP: 29/29 MP: 5/7
  2251 | D:3      | Noticed a scorpion
  2258 | D:3      | HP: 5/29 [scorpion (3)]
  2260 | D:3      | HP: 2/29 [poisoned by a scorpion]
  2261 | D:3      | Mangled by a scorpion

Vanquished Creatures
  2 adders
  A dart slug (D:2)
  2 orcs (D:2)
  6 bats
  4 endoplasms
  2 giant cockroaches (D:2)
  8 goblins
  4 hobgoblins
  A quokka (D:2)
  2 ball pythons (D:2)
  2 frilled lizards
  2 kobolds
  6 rats
  A spectral kobold (D:1)
43 creatures vanquished.

Table legend:
 A = Non-vault XP
 B = Vault XP
 C = Vault XP percentage of total XP
 D = Non-vault monster count
 E = Vault monster count
 F = Vault count percentage of total count
                 A         B        C        D         E       F
            +---------+---------+-------+---------+---------+-------
      Total |      86 |      10 |  10.4 |      37 |       6 |  14.0
            +---------+---------+-------+---------+---------+-------
        D:1 |      16 |      10 |  38.5 |      11 |       6 |  35.3
        D:2 |      54 |       0 |   0.0 |      23 |       0 |   0.0
        D:3 |      16 |       0 |   0.0 |       3 |       0 |   0.0
            +---------+---------+-------+---------+---------+-------

Illustrated notes

Table legend:
 A = Kills in this place as a percentage of kills in entire the game.
 B = Kills by you in this place as a percentage of kills by you in the entire game.
 C = Kills by friends in this place as a percentage of kills by friends in the entire game.
 D = Other kills in this place as a percentage of other kills in the entire game.
 E = Experience gained in this place as a percentage of experience gained in the entire game.
 F = Experience gained in this place divided by the number of levels of this place that you have seen.
                   A       B       C       D       E      F
               +-------+-------+-------+-------+-------+----------------------
         Total | 100.0 | 100.0 |   N/A |   N/A | 100.0 |  32.0
       Dungeon | 100.0 | 100.0 |   N/A |   N/A | 100.0 |  32.0
               +-------+-------+-------+-------+-------+----------------------

Table legend: (Time is in decaauts)
 A = Elapsed time spent in this place.
 B = Non-inter-level travel time spent in this place.
 C = Inter-level travel time spent in this place.
 D = Time resting spent in this place.
 E = Time spent auto-exploring this place.
 F = Levels seen in this place.
 G = Mean time per level.
                   A        B        C        D        E       F      G
               +--------+--------+--------+--------+--------+-----+--------+
         Total |   2255 |   2148 |    107 |      0 |   1840 |   3 |  751.7 |
       Dungeon |   2255 |   2148 |    107 |      0 |   1840 |   3 |  751.7 |
               +--------+--------+--------+--------+--------+-----+--------+

Top non-repeatable levels by time:
     D:1: 1429 daAuts
     D:2: 775 daAuts
     D:3: 50 daAuts
